 Dungeon Crawl Stone Soup version 0.29.1-2-gbd0b4ee654 (webtiles) character file.

Game seed: 12348553549582202626

1159 Henri the Covert (level 8, -2/42 HPs)
             Began as a Vine Stalker Enchanter on Nov 19, 2022.
             Was an Initiate of Dithmenos.
             Slain by a killer bee (5 damage)
             ... on level 5 of the Dungeon.
             The game lasted 00:17:53 (5115 turns).

Henri the Covert (Vine Stalker Enchanter)           Turns: 5115, Time: 00:17:54

Health: -2/42      AC:  2    Str: 10    XL:     8   Next: 39%
Magic:  0/12       EV: 12    Int: 17    God:    Dithmenos [......]
Gold:   235        SH:  0    Dex: 16    Spells: 0/11 levels left

rFire   . . .      SeeInvis .   a - +1 dagger
rCold   . . .      Faith    .   (no shield)
rNeg    . . .      Spirit   +   b - +0 robe
rPois   .          Reflect  .   (no helmet)
rElec   .          Harm     .   (no cloak)
rCorr   +          Rampage  .   (no gloves)
Will    +....                   (no boots)
Stlth   ++++......              (no amulet)
HPRegen 0.94/turn               k - ring of resist corrosion
MPRegen 0.13/turn               (no ring)

@: no status effects
A: fangs 3, regeneration 1, magic shield, antimagic bite, no potion heal 2
a: Renounce Religion


You were on level 5 of the Dungeon.
You worshipped Dithmenos.
Dithmenos was noncommittal.
You visited 2 branches of the dungeon, and saw 6 of its levels.

You collected 235 gold pieces.

Inventory:

Hand Weapons
 a - a +1 dagger (weapon)
Missiles
 p - 6 poisoned darts (quivered)
 w - a throwing net
Armour
 b - a +0 robe (worn)
 v - the +0 robe of Mierryt {rN+ Str+2 Dex-3}
   (You found it on level 4 of the Dungeon)

   Str:       It affects your strength (+2).
   Dex:       It affects your dexterity (-3).
   rN:        It protects you from negative energy.
Jewellery
 k - a ring of resist corrosion (left hand)
Scrolls
 e - a scroll of butterflies
 f - a scroll of enchant armour {unknown}
 g - a scroll of fear {unknown}
 j - a scroll of noise {unknown}
 l - a scroll of magic mapping
 m - a scroll of torment {unknown}
 n - a scroll of blinking {unknown}
 o - a scroll of immolation {unknown}
 t - 2 scrolls of teleportation {unknown}
 u - a scroll of enchant weapon {unknown}
Potions
 c - 3 potions of invisibility
 d - 3 potions of might
 h - 2 potions of lignification
 i - a potion of heal wounds {unknown}
 q - a potion of cancellation {unknown}
 r - a potion of curing
 s - a potion of attraction {unknown}
 x - a potion of haste {unknown}
 z - a potion of brilliance {unknown}


   Skills:
 + Level 3.7 Fighting
 + Level 3.9 Short Blades
 - Level 1.5 Dodging
 * Level 8.8 Stealth
 - Level 2.1 Spellcasting
 + Level 5.2 Hexes


You couldn't memorise any spells.
You knew the following spells:

 Your Spells              Type           Power      Damage    Failure   Level
a - Confusing Touch       Hex            19%        N/A       7%          3
b - Ensorcelled Hibernat  Hex/Ice        20%        N/A       10%         2
c - Tukima's Dance        Hex            19%        N/A       7%          3
d - Dazzling Flash        Conj/Hex       20%        N/A       19%         3

Your spell library contained the following spells:

 Spells                   Type           Power      Damage    Failure   Level
 Gell's Gravitas          Tloc           1%         N/A       50%         3
 Teleport Other           Tloc           1%         N/A       50%         3
 Dispersal                Tloc           0%         N/A       100%        6


Dungeon Overview and Level Annotations

Branches:
Dungeon (5/15)             Temple (1/1) D:4

Altars:
Ashenzari
Cheibriados
Dithmenos
Hepliaklqana
Nemelex Xobeh
Ru
Sif Muna
Uskayaw
Vehumet
Xom
The Shining One


Innate Abilities, Weirdness & Mutations

You have razor-sharp teeth.
Your natural rate of healing is unusually fast.
When hurt, damage is shared between your health and your magic reserves.
Your bite disrupts and absorbs the magic of your enemies.
Potions cannot restore your health.


Message History

Confirm with . or Enter, or press ? or * to list all spells.
Aiming: Ensorcelled Hibernation (safe; 10% risk of failure)
Press: ? - help, Shift-Dir - straight line, f/p - killer bee
Aim: a killer bee (chance to affect: 52%)
The killer bee resists with significant effort.
The killer bee stings you. x2
Casting: Ensorcelled Hibernation (safe; 10% risk of failure)
Confirm with . or Enter, or press ? or * to list all spells.
Aiming: Ensorcelled Hibernation (safe; 10% risk of failure)
Press: ? - help, Shift-Dir - straight line, f/p - killer bee
Aim: a killer bee (chance to affect: 52%)
The killer bee resists with significant effort.
The killer bee stings you. The killer bee closely misses you.
Casting: Ensorcelled Hibernation (safe; 10% risk of failure)
Confirm with . or Enter, or press ? or * to list all spells.
Aiming: Ensorcelled Hibernation (safe; 10% risk of failure)
Press: ? - help, Shift-Dir - straight line, f/p - killer bee
Aim: a killer bee (chance to affect: 52%)
The killer bee resists with significant effort.
The killer bee closely misses you. The killer bee stings you.
You hit the killer bee.
The killer bee is moderately wounded.
The killer bee closely misses you. The killer bee stings you!
You miss the killer bee.
The killer bee is moderately wounded.
The killer bee stings you.
* * * LOW HITPOINT WARNING * * *
You are poisoned.
The killer bee poisons you!
You hit the killer bee. Your bite misses the killer bee.
The killer bee is moderately wounded.
You feel sick.
The killer bee stings you but does no damage.
The killer bee stings you!
* * * LOW HITPOINT WARNING * * *
You are more poisoned.
The killer bee poisons you!
Your system rejects the healing.
You feel better. The killer bee misses you. The killer bee stings you.
You die...

# ## # #. #. #
#. #. #.##.
####. ...
#######.###
###.###
#......#...
#...y.#
#.###.#.##.
#.#.#@######.#
#.#....
#...†.†....#
#.####.
###.########
#.####. #.#
#...... ..#
####### ####


You could see a killer bee.

Vanquished Creatures
  Pikel (D:2)
  A black bear (D:4)
  A scorpion (D:4)
  4 killer bees (D:5)
  A hound (D:5)
  An iguana (D:4)
  3 orc wizards (D:3)
  8 adders
  A white imp (D:5)
  An ufetubus (D:4)
  2 worms
  4 dart slugs
  9 orcs
  5 endoplasms
  4 giant cockroaches
  9 goblins
  7 hobgoblins
  2 jackals (D:4)
  6 kobolds
  5 quokkas
  8 ball pythons
  6 bats
  4 frilled lizards
  5 rats
98 creatures vanquished.

Vanquished Creatures (collateral kills)
  An ogre (D:5)
1 creature vanquished.

Vanquished Creatures (others)
  A dancing weapon (D:4)
1 creature vanquished.

Grand Total: 100 creatures vanquished

Notes
Turn   | Place    | Note
-------+----------+-------------------------------------------
     0 | D:1      | Henri the Vine Stalker Enchanter began the quest for the
                  | Orb.
     0 | D:1      | Reached XP level 1. HP: 9/9 MP: 4/4
   211 | D:1      | Reached skill level 1 in Short Blades
   388 | D:1      | Reached XP level 2. HP: 10/14 MP: 4/6
   391 | D:1      | Learned a level 2 spell: Ensorcelled Hibernation
   493 | D:1      | Reached skill level 4 in Stealth
  1178 | D:1      | Reached XP level 3. HP: 17/17 MP: 7/7
  1188 | D:1      | Learned a level 3 spell: Confusing Touch
  1613 | D:2      | Reached skill level 1 in Fighting
  1730 | D:2      | Gained mutation: Your natural rate of healing is unusually
                  | fast. [Vine Stalker growth]
  1730 | D:2      | Reached XP level 4. HP: 6/22 MP: 8/8
  2698 | D:3      | Reached skill level 5 in Stealth
  3051 | D:3      | Reached XP level 5. HP: 25/25 MP: 9/9
  3656 | D:3      | Learned a level 3 spell: Tukima's Dance
  3698 | D:4      | Noticed a lemure
  3698 | D:4      | Noticed Pikel
  3698 | D:4      | Noticed a lemure
  3708 | D:4      | Noticed a lemure
  3761 | D:4      | Noticed a lemure
  3894 | D:2      | Killed Pikel
  3895 | D:2      | Reached skill level 7 in Stealth
  3895 | D:2      | Reached XP level 6. HP: 7/32 MP: 3/10
  3895 | D:2      | Reached XP level 7. HP: 7/35 MP: 3/11
  4025 | D:4      | Identified the +4 ring mail "Deathris" {rCorr MP+9 Str+4}
  4195 | D:4      | Found a staircase to the Ecumenical Temple.
  4214 | Temple   | Entered the Ecumenical Temple
  4237 | Temple   | Became a worshipper of Dithmenos the Shadowed
  4680 | D:4      | Identified the +0 robe of Mierryt {rN+ Str+2 Dex-3}
  4707 | D:4      | Reached skill level 8 in Stealth
  4776 | D:5      | Entered Level 5 of the Dungeon
  4789 | D:5      | Reached skill level 5 in Hexes
  4789 | D:5      | Gained mutation: You have razor-sharp teeth. [Vine Stalker
                  | growth]
  4789 | D:5      | Reached XP level 8. HP: 35/40 MP: 6/12
  4793 | D:5      | Learned a level 3 spell: Dazzling Flash
  5114 | D:5      | HP: 2/42 [killer bee (8)]
  5115 | D:5      | Slain by a killer bee

Illustrated notes

Levels and vault maps discovered:
D:1:      elethiomel_arrival_maze, layout_basic, minmay_misc_feat_more_columns,
          minmay_pentomino_w4
D:2:      minmay_angry_zag, layout_basic
D:3:      layout_rooms, kennysheep_minor_cross
D:4:      layout_gridville, minmay_temple_entry_junction, uniq_pikel
D:5:      layout_loops_cross, ebering_ghost_reflecting_pool
Temple:   chequers_temple_sunken

Skill      XL: |  1  2  3  4  5  6  7 |
---------------+----------------------+-----
Short Blades   | 1 2 3 |  3.9
Stealth        | 4 5 7 8 |  8.8
Fighting       | 1 2 3 |  3.7
Hexes          | 4 5 |  5.2
Dodging        | |  1.5
Spellcasting   | |  2.1

Action                   |  1- 3 |  4- 6 |  7- 9 || total
-------------------------+-------+-------+-------++-------
Melee: Dagger            |    99 |   131 |    67 ||   297
       Bite              |    25 |    34 |    13 ||    72
       Punch             |     1 |       |     1 ||     2
Throw: Dart              |       |     1 |       ||     1
 Cast: Ensorcelled Hiber |     7 |    23 |    15 ||    45
       Confusing Touch   |     1 |     1 |     1 ||     3
       Tukima's Dance    |       |     2 |     1 ||     3
  Use: Scroll            |       |     4 |     1 ||     5
       Potion            |       |       |     1 ||     1
 Stab: Sleeping          |    11 |    16 |    18 ||    45
       Confused          |       |     1 |       ||     1
Armor: Robe              |    14 |    19 |     7 ||    40
Dodge: Dodged            |    47 |    68 |    37 ||   152
